 Dungeon Crawl Stone Soup version 0.22-a0-358-g7563fe7 (webtiles) character file.

60 Kikal the Gusty (level 3, 0/14 HPs)
             Began as a Felid Air Elementalist on Apr 18, 2018.
             Succumbed to an adder's poison
             ... on level 2 of the Dungeon.
             The game lasted 00:05:54 (1913 turns).

Kikal the Gusty (Felid Air Elementalist)            Turns: 1913, Time: 00:05:55

Health: 0/14       AC:  1    Str:  4    XL:     3   Next: 82%
Magic:  1/8        EV: 18    Int: 17    God:
Gold:   23         SH:  0    Dex: 16    Spells: 3/7 levels left
                                        Lives:  0   Deaths: 0

rFire    . . .     SeeInvis +   (weapon unavailable)
rCold    . . .     Gourm    .   (shield unavailable)
rNeg     . . .     Faith    .   (armour unavailable)
rPois    .         Spirit   .   (helmet unavailable)
rElec    .         Reflect  .   (cloak unavailable)
rCorr    .         Harm     .   (gloves unavailable)
MR       .....                  (boots unavailable)
Stlth    +++.......             (no amulet)
HPRegen  0.04/turn              (no ring)
MPRegen  0.11/turn              (no ring)

@: lethally poisoned (0 -> -2), very slightly contaminated, quick
A: very small, no armour, no weapons or thrown items, stealth, claws 1, fangs 3,
see invisible, carnivore, speed 1, shaggy fur 1, slow metabolism 1, sharp paws
a: no special abilities


You were on level 2 of the Dungeon.
You were completely stuffed.

You visited 1 branch of the dungeon, and saw 2 of its levels.

You collected 23 gold pieces.

Inventory:

Jewellery
 g - an uncursed ring of positive energy {unknown}
 k - an uncursed ring of stealth {unknown}
Scrolls
 a - 4 scrolls of remove curse {unknown}
 c - a scroll of enchant armour {unknown}
 d - 3 scrolls of teleportation {unknown}
 e - 2 scrolls of blinking {unknown}
 h - a scroll of noise {unknown}
 l - a scroll of identify {unknown}
Potions
 f - a potion of heal wounds {unknown}
 i - a potion of ambrosia {unknown}
Comestibles
 b - 5 rations
 j - 4 chunks of flesh


   Skills:
 - Level 2.6 Dodging
 - Level 2.6 Stealth
 + Level 2.6 Spellcasting
 * Level 2.0 Conjurations
 * Level 3.3 Air Magic


You had 3 spell levels left.
You knew the following spells:

 Your Spells              Type           Power        Failure   Level  Hunger
a - Shock                 Conj/Air       ##..         6%          1    #......
b - Static Discharge      Conj/Air       ##......     19%         3    ###....


Dungeon Overview and Level Annotations

Branches:
Dungeon (2/15)

Altars:


Innate Abilities, Weirdness & Mutations

You cannot wear armour.
You are incapable of wielding weapons or throwing items.
Your paws allow you to move quietly. (Stealth)
You have sharp claws.
You have razor-sharp teeth.
You have supernaturally acute eyesight. (SInv)
You are carnivorous and can eat meat at any time.
You cover ground quickly.
You are covered in fur. (AC +1)
You have a slow metabolism.
Your sharp claws are effective at attacking unaware monsters.


Message History

You scratch the adder. The jackal barely misses you.
The adder completely misses you. The jackal misses you.
The jackal completely misses you. The adder completely misses you.
You scratch the adder. The jackal barely misses you. The jackal misses you.
The adder closely misses you.
You scratch the adder.
You feel sick. The jackal barely misses you. x2
The adder barely misses you.
The jackal bites you but does no damage.
The jackal closely misses you.
You take 1 damage, and have 3/14 hp.
You scratch the adder but do no damage.
You kill the adder!
Your Conjurations skill increases to level 2!
The jackal misses you. The jackal closely misses you. The jackal misses you.
There is a stone staircase leading up here.
The jackal bites you.
* * * LOW HITPOINT WARNING * * *
You take 2 damage, and have 1/14 hp.
You die...

##.≈≈≈≈≈♣♣≈≈≈≈≈#
##≈≈≈≈≈._♣≈≈≈..#
....≈≈≈.♣♣≈≈≈≈≈###
##..≈≈≈≈≈≈≈≈≈....#
#≈.≈≈≈≈≈≈≈≈≈..#.#
#≈≈≈≈≈≈≈≈≈≈≈≈≈#.#
#.≈..≈.≈≈..≈≈≈#.#
#≈≈....≈.....≈#.#
####.##########@# #.#
#.# #.# #h#
#.##########h# #
#............# ...
###########..###.....
#..........
##.####....
############.####....


You could see 2 jackals.

Vanquished Creatures
  2 adders (D:2)
  An ooze (D:2)
  3 giant cockroaches
  9 goblins
  4 hobgoblins
  6 kobolds
  A ball python (D:2)
  5 bats
  3 frilled lizards
  5 rats
39 creatures vanquished.

Notes
Turn   | Place    | Note
-------+----------+-------------------------------------------
     0 | D:1      | Kikal the Felid Air Elementalist began the quest for the Orb.
     0 | D:1      | Reached XP level 1. HP: 7/7 MP: 4/4
   108 | D:1      | Reached skill level 1 in Conjurations
   399 | D:1      | Reached XP level 2. HP: 6/11 MP: 4/6
   915 | D:1      | Reached skill level 3 in Air Magic
  1338 | D:2      | Reached XP level 3. HP: 14/14 MP: 4/7
  1371 | D:2      | Learned a level 3 spell: Static Discharge
  1628 | D:2      | Found a faded altar of an unknown god.
  1913 | D:2      | Succumbed to an adder's poison

Vault maps used:
D:1:      dpeg_arrival_lava_temple_mockup, minmay_strange_pillars
D:2:      kennysheep_the_goblin_king, nicolae_overflow_crystal_walls,
          chequers_ecumenical_altar_island, roderic_roman_lattice

Skill      XL: |  1  2  3 |
---------------+----------+-----
Conjurations   | 1 2 |  2.0
Air Magic      | 3 |  3.3
Dodging        | |  2.6
Stealth        | |  2.6
Spellcasting   | |  2.6

Action                   || total
-------------------------++-------
Melee: Unarmed           ||    53
       Bite              ||     3
 Cast: Shock             ||    57
 Stab: Sleeping          ||     7
  Eat: Chunk             ||    10
Armor: Skin              ||     3
Dodge: Dodged            ||    77

Table legend:
 A = Spawn XP
 B = Non-spawn XP
 C = Spawn XP percentage of total XP
 D = Spawn monster count
 E = Non-spawn monster count
 F = Spawn count percentage of total count
 G = Total turns spent on level
                    A         B        C        D         E        F      G
               +---------+---------+-------+---------+---------+-------+---------
         Total |       0 |      87 |   0.0 |       0 |      39 |   0.0 |  1913
               +---------+---------+-------+---------+---------+-------+---------
           D:1 |       0 |      29 |   0.0 |       0 |      21 |   0.0 |  1320
           D:2 |       0 |      58 |   0.0 |       0 |      18 |   0.0 |   593
               +---------+---------+-------+---------+---------+-------+---------
